 Dungeon Crawl Stone Soup version 0.20.0-4-g10b340a (webtiles) character file.

3540 Monsterracer the Basher (level 9, -4/75 HPs)
             Began as a Minotaur Venom Mage on May 28, 2017.
             Was an Initiate of Trog.
             Slain by a basilisk (16 damage)
             ... on level 8 of the Dungeon.
             The game lasted 00:21:06 (11225 turns).

Monsterracer the Basher (Minotaur Venom Mage)      Turns: 11225, Time: 00:21:07

Health: -4/75      AC:  9    Str: 13    XL:     9   Next: 82%
Magic:  10/10      EV: 10    Int: 12    God:    Trog [......]
Gold:   342        SH: 10    Dex: 14    Spells: 10/10 levels left

rFire    . . .     SeeInvis .   k - +0 flail
rCold    . . .     Gourm    .   g - +0 shield
rNeg     . . .     Faith    .   d - +1 scale mail
rPois    .         Spirit   .   (helmet restricted)
rElec    .         Reflect  .   (no cloak)
rCorr    .         Harm     .   u - +0 pair of gloves
MR       .....                  (no boots)
Stlth    ++........             (no amulet)
Regen    0.3/turn               r - ring of Shadows {Umbra +Inv Stlth+}
MPRegen  0.2/turn               (no ring)

@: wreathed by umbra
A: retaliatory headbutt, horns 2
a: Burn Spellbooks, Renounce Religion, Evoke Invisibility


You were on level 8 of the Dungeon.
You worshipped Trog.
Trog was noncommittal.
You were not hungry.

You visited 1 branch of the dungeon, and saw 8 of its levels.

You collected 342 gold pieces.

Inventory:

Hand Weapons
 k - a +0 flail (weapon)
Armour
 d - a +1 scale mail (worn)
 g - a +0 shield (worn)
 u - a +0 pair of gloves (worn)
Jewellery
 j - an uncursed ring of fire
 r - the ring of Shadows (left hand) {Umbra +Inv Stlth+}
   (You took it off a wight on level 6 of the Dungeon)

   [ring of stealth]

   It lets you turn invisible.
   It makes you more stealthy.
Wands
 s - a wand of lightning (4/15)
Scrolls
 e - a scroll of fear
 l - 2 scrolls of teleportation
 n - 3 scrolls of fog
 o - 4 scrolls of identify
Potions
 a - a potion of heal wounds
 m - 7 potions of curing
 p - a potion of flight
Comestibles
 c - 11 bread rations
 f - 12 meat rations
 h - 10 fruits
 q - 2 royal jellies


   Skills:
 + Level 6.2 Fighting
 * Level 10.8 Maces & Flails
 + Level 5.8 Armour
 + Level 6.6 Dodging
 - Level 1.5 Stealth
 + Level 6.1 Shields
 - Level 1.3 Spellcasting
   Level 0.6 Conjurations
   Level 2.1 Poison Magic


You had 10 spell levels left.
You didn't know any spells.

Dungeon Overview and Level Annotations

Branches:
Dungeon (8/15)             Temple (0/1) D:7            Lair (0/6) D:8

Altars:
Cheibriados
Dithmenos
Hepliaklqana
Kikubaaqudgha
Sif Muna
Trog
Xom
Yredelemnul
Zin

Annotations:
D:5 2 transporters
D:6 IjonTichy1's ghost, novice MfGl


Innate Abilities, Weirdness & Mutations

You reflexively headbutt those who attack you in melee.
You have a pair of horns on your head.


Message History

The basilisk hisses menacingly.
The basilisk barely misses you. The porcupine bites you!
You turn to flesh and can move again.
Unknown command.
You closely miss the basilisk.
The basilisk is moderately wounded.
The porcupine misses you. The basilisk bites you!
You sock the basilisk!
The basilisk is heavily wounded.
The porcupine completely misses you. The basilisk bites you.
* * * LOW HITPOINT WARNING * * *
You miss the basilisk.
The basilisk is heavily wounded.
The porcupine bites you!
* * * LOW HITPOINT WARNING * * *
You block the basilisk's attack.
You hit the basilisk.
The basilisk is severely wounded.
The porcupine closely misses you. The basilisk bites you!
You die... #...# #.#........C.###.. #...# #.#...# #.##.###.. ......P #...####.#...#.#......)).
Y...... #..[.?.....[...####†###..
CsrP..P

#...........#..####.# ### ..PP...
#.######..........#.# .P.Y... #.#
#.......#..##.#.#####
PYP....##.######r...........#....
PPP............l@.....>....##.###
......$.#.######....#.....###.###
P♣P.......# #..÷..........†[..
........#.# #..#.#..######.###
##......#.# ##.#.#..# #.#
#......#.# ###.#..# #.###
########.# #.#..# #.... #.#
#.#..######.### #.#
#.#...<......##


You could see a basilisk and a porcupine.

Vanquished Creatures
  A hungry ghost (D:7)
  Menkaure (D:7)
  Duvessa (D:7)
  A porcupine (D:8)
  2 ice beasts (D:6)
  2 orc warriors
  2 phantoms (D:5)
  2 ogres
  4 centaurs (D:5)
  A crocodile (D:8)
  A bullfrog (D:6)
  Dowan (D:7)
  5 killer bees
  2 scorpions (D:8)
  5 wights
  2 howler monkeys
  4 crimson imps
  5 hounds
  3 jellies
  3 bullfrog zombies
  3 orc priests
  A gnoll shaman (D:4)
  6 orc wizards
  A centaur skeleton (D:6)
  Natasha (D:3)
  7 worker ants
  2 hound zombies
  4 gnolls (D:4)
  6 adders
  2 shadow imps
  2 oozes
  2 adder zombies (D:5)
  4 worms
  2 dart slugs (D:1)
  3 leopard geckos
  21 orcs
  7 giant cockroaches
  4 goblins
  8 hobgoblins
  9 jackals
  6 quokkas
  2 ball pythons
  6 bats
  4 frilled lizards
  2 jackal zombies
  8 kobolds
  A leopard gecko skeleton (D:7)
  10 rats
182 creatures vanquished.

Vanquished Creatures (others)
  4 bushes (D:8)
  2 fungi (D:8)
  19 plants (D:8)
25 creatures vanquished.

Grand Total: 207 creatures vanquished

Notes
Turn   | Place    | Note
-------+----------+-------------------------------------------
     0 | D:1      | Monsterracer the Minotaur Venom Mage began the quest for the Orb.
     0 | D:1      | Reached XP level 1. HP: 14/14 MP: 1/1
   199 | D:1      | Reached skill level 1 in Fighting
   256 | D:1      | Reached XP level 2. HP: 21/23 MP: 3/3
  1133 | D:1      | Reached XP level 3. HP: 26/29 MP: 4/4
  1316 | D:2      | Noticed an angel
  1317 | D:2      | Found a glowing silver altar of Zin.
  1373 | D:2      | Found a shimmering altar of Xom.
  1424 | D:3      | Found a basalt altar of Yredelemnul.
  2094 | D:3      | Reached skill level 1 in Maces & Flails
  2161 | D:3      | Reached skill level 2 in Maces & Flails
  2161 | D:3      | Reached XP level 4. HP: 30/37 MP: 5/5
  2290 | D:3      | Noticed Natasha
  2297 | D:3      | Killed Natasha
  2297 | D:3      | Reached skill level 3 in Maces & Flails
  2397 | D:3      | Found a snail-covered altar of Cheibriados.
  2402 | D:3      | Found an ancient bone altar of Kikubaaqudgha.
  2404 | D:3      | Found a shadowy altar of Dithmenos.
  2410 | D:3      | Found a deep blue altar of Sif Muna.
  2796 | D:3      | Reached skill level 4 in Maces & Flails
  2796 | D:3      | Reached XP level 5. HP: 29/42 MP: 6/6
  2892 | D:4      | Reached skill level 5 in Maces & Flails
  2914 | D:4      | Reached XP level 6. HP: 17/50 MP: 7/7
  3157 | D:4      | Reached skill level 6 in Maces & Flails
  3880 | D:4      | Reached skill level 1 in Armour
  4217 | D:5      | Entered Level 5 of the Dungeon
  4346 | D:4      | Reached skill level 1 in Shields
  4849 | D:5      | Reached XP level 7. HP: 47/57 MP: 8/8
  5163 | D:5      | Reached skill level 7 in Maces & Flails
  5336 | D:5      | Noticed a red ugly thing
  5337 | D:5      | Found a hazy altar of Hepliaklqana.
  5706 | D:5      | Reached XP level 8. HP: 50/66 MP: 9/9
  6036 | D:5      | Reached skill level 8 in Maces & Flails
  6172 | D:6      | Noticed IjonTichy1's ghost (novice MfGl)
  6498 | D:6      | Reached skill level 5 in Dodging
  7878 | D:6      | Reached skill level 5 in Fighting
  7878 | D:6      | Reached skill level 9 in Maces & Flails
  8084 | D:7      | Reached XP level 9. HP: 66/74 MP: 10/10
  8092 | D:7      | Noticed Menkaure
  8418 | D:7      | Noticed Dowan
  8419 | D:7      | Noticed Duvessa
  8436 | D:7      | Killed Duvessa
  8441 | D:7      | Killed Dowan
  8441 | D:7      | Reached skill level 5 in Armour
  8441 | D:7      | Reached skill level 5 in Shields
  8661 | D:7      | Killed Menkaure
  8784 | D:7      | Noticed a moth of wrath
  8787 | D:7      | Found a bloodstained altar of Trog.
  8902 | D:7      | Became a worshipper of Trog the Wrathful
  8907 | D:7      | Got a crude whip
  8914 | D:7      | Identified the cursed +1 whip of Murealai {slash, rF+} (You found it on level 7 of the Dungeon)
  9054 | D:7      | Found a staircase to the Ecumenical Temple.
  9084 | D:7      | Reached skill level 10 in Maces & Flails
 10568 | D:8      | Found a staircase to the Lair.
 10568 | D:8      | Noticed a cyclops
 10635 | D:8      | HP: 1/75 [orc priest/divine providence (14)]
 11225 | D:8      | Slain by a basilisk

Skill      XL: |  1  2  3  4  5  6  7  8  9 |
---------------+----------------------------+-----
Fighting       | 1 2 3 4 5 6 |  6.2
Dodging        | 3 4 5 6 |  6.6
Maces & Flails | 2 4 5 6 7 9 10 | 10.8
Armour         | 1 3 4 5 |  5.8
Shields        | 1 2 4 6 |  6.1
Stealth        | |  1.5
Spellcasting   | |  1.3
Conjurations   | |  0.6
Poison Magic   | |  2.1

Action                   |  1- 3 |  4- 6 |  7- 9 || total
-------------------------+-------+-------+-------++-------
Melee: Unarmed           |    26 |       |       ||    26
       Headbutt          |    14 |    27 |    80 ||   121
       Dagger            |   105 |       |       ||   105
       Flail             |       |   147 |   366 ||   513
       Whip              |       |       |   198 ||   198
 Cast: Sting             |    10 |       |       ||    10
  Use: Potion            |     3 |     2 |     4 ||     9
       Scroll            |       |     9 |     6 ||    15
 Stab: Sleeping          |     1 |       |       ||     1
  Eat: Chunk             |     4 |     9 |    22 ||    35
       Fruit             |       |       |     1 ||     1
Armor: Robe              |    12 |       |       ||    12
       Chain mail        |    31 |    50 |       ||    81
       Scale mail        |       |    25 |   119 ||   144
Dodge: Dodged            |    66 |    63 |   250 ||   379
Block: Buckler           |       |       |    79 ||    79
       Shield            |       |       |     5 ||     5
